 Dungeon Crawl Stone Soup version 0.31-a0-667-g39726597b9 (webtiles) character file.

Game seed: 4441006616203928671

96985 Pooter the Severer (level 15, -14/159 HPs)
             Began as a Minotaur Berserker on Sept 2, 2023.
             Was a High Priest of Trog.
             Killed from afar by a deep elf zephyrmancer (32 damage)
             ... with a bolt of lightning
             ... on level 1 of the Elven Halls on Sept 3, 2023.
             The game lasted 02:38:07 (35308 turns).

Pooter the Severer (Minotaur Berserker)            Turns: 35308, Time: 02:38:07

Health: -14/159    AC: 17    Str: 30    XL:     15   Next: 70%
Magic:  14/14      EV: 11    Int:  2    God:    Trog [*****.]
Gold:   1410       SH:  5    Dex: 10    Spells: 14/14 levels left

rFire   . . .        a - +2 battleaxe (vamp)
rCold   + + .        (shield currently unavailable)
rNeg    . . .        e - +4 ring mail of the Hills {rC++ Int-5 Dex-4 Slay+6}
rPois   .            (helmet restricted)
rElec   .            i - +2 cloak {Stlth+}
rCorr   .            E - +0 pair of gloves
SInv    +            d - +1 pair of boots of the Ecumenical Temple {Fly}
Will    +....        h - amulet of reflection
Stlth   +            S - ring of see invisible
HPRegen 0.46/turn    k - +6 ring of strength
MPRegen 0.14/turn

%: reflection
@: on berserk cooldown, flying, slowed, very slow
A: horns 2, retaliatory headbutt, hooves 1, agile 1, robust 1
a: Renounce Religion, Berserk, Trog's Hand, Brothers in Arms


You were on level 1 of the Elven Halls.
You worshipped Trog.
Trog was extremely pleased with you.
You visited 4 branches of the dungeon, and saw 23 of its levels.
You also visited: Ossuary, Gauntlet, Ice Cave and Volcano.

You collected 2579 gold pieces.
You spent 1169 gold pieces at shops.

Inventory:

Hand Weapons
 a - a +2 vampiric battleaxe (weapon)
   (You took it off a wight on level 8 of the Dungeon)
 b - a +1 heavy orcbow
   (You took it off a centaur on level 9 of the Dungeon)
 J - a +3 dire flail of protection
   (You took it off Blork the orc on level 6 of the Dungeon)
Missiles
 g - 9 boomerangs (quivered)
 j - 4 silver javelins
 z - 6 javelins
 H - 4 atropa-tipped darts
 R - 10 curare-tipped darts
Armour
 c - a +2 plate armour
   (You found it on level 1 of the Dungeon)
 d - the +1 pair of boots of the Ecumenical Temple (worn) {Fly}
   (You bought it in a shop on level 3 of the Dungeon)

   Fly:       It grants you flight.
 e - the +4 ring mail of the Hills (worn) {rC++ Int-5 Dex-4 Slay+6}
   (You found it on level 4 of the Dungeon)

   Int-5:     It affects your intelligence (-5).
   Dex-4:     It affects your dexterity (-4).
   Slay+6:    It affects your accuracy & damage with ranged weapons and melee
   (+6).
   rC++:      It greatly protects you from cold.
 i - a +2 cloak of stealth (worn)
   (You found it in a Gauntlet)
 E - a +0 pair of gloves (worn)
   (You found it on level 7 of the Dungeon)
 Z - a +2 cloak of fire resistance
   (You found it in a volcano)
Jewellery
 h - an amulet of reflection (around neck)
   (You found it on level 4 of the Lair of Beasts)
 k - a +6 ring of strength (right hand)
   (You found it on level 2 of the Dungeon)
 p - an amulet of regeneration
   (You bought it in a shop on level 3 of the Dungeon)
 A - a ring of flight
   (You found it on level 13 of the Dungeon)
 F - a ring of protection from fire
   (You found it on level 1 of the Dungeon)
 I - the ring "Jesigask" {Fly rPois rC+ Int-2}
   (You took it off a minotaur in a Gauntlet)

   [ring of flight]

   Int-2:     It affects your intelligence (-2).
   rC+:       It protects you from cold.
   rPois:     It protects you from poison Fly: It grants you flight.
 K - a +4 ring of protection
   (You found it on level 8 of the Dungeon)
 N - a ring of positive energy
   (You found it on level 3 of the Dungeon)
 S - a ring of see invisible (left hand)
   (You bought it in a shop on level 3 of the Dungeon)
 W - a ring of protection from cold
   (You found it on level 5 of the Lair of Beasts)
 Y - a ring of willpower
   (You found it on level 14 of the Dungeon)
Wands
 f - a wand of flame (12)
   (You found it on level 13 of the Dungeon)
 v - a wand of light (8)
   (You found it on level 1 of the Lair of Beasts)
 D - a wand of digging (12)
   (You found it on level 13 of the Dungeon)
 L - a wand of polymorph (8)
   (You found it on level 9 of the Dungeon)
 M - a wand of roots (22)
   (You found it on level 9 of the Dungeon)
 O - a wand of charming (13)
   (You found it on level 9 of the Dungeon)
 U - a wand of mindburst (27)
   (You found it on level 3 of the Lair of Beasts)
Scrolls
 n - 6 scrolls of fog
 r - 3 scrolls of blinking
 t - 8 scrolls of teleportation {@r4}
 w - 2 scrolls of noise {!r}
 x - a scroll of brand weapon
 G - 2 scrolls of fear
 Q - 2 scrolls of silence
 V - 4 scrolls of poison {!r}
 X - 2 scrolls of immolation {!r}
Potions
 l - 8 potions of mutation {!q}
 m - 9 potions of curing {@q1}
 o - a potion of invisibility
 q - 2 potions of might
 s - 4 potions of enlightenment
 u - 6 potions of resistance
 y - 5 potions of haste {@q3}
 B - a potion of lignification {!q}
 C - 3 potions of heal wounds {@q2}
 P - 7 potions of cancellation
Miscellaneous
 T - a phantom mirror
   (You found it on level 10 of the Dungeon)


   Skills:
 + Level 16.3 Fighting
 + Level 20.1(20.4) Axes
 - Level 6.1(14.5) Maces & Flails
 + Level 16.5 Ranged Weapons
 + Level 5.2 Throwing
 + Level 8.1 Armour
 - Level 2.1 Dodging
 + Level 4.7 Evocations


You had 14 spell levels left.
You didn't know any spells.
Your spell library was empty.

Dungeon Overview and Level Annotations

Branches:
Dungeon (15/15) Zot: 25318  Temple (0/1) D:6            Lair (5/5) D:10 Zot: 20304
 Shoals (0/4) Lair:3       Spider (0/4) Lair:2        Slime (0/5) Lair:4
    Orc (2/2) D:10 Zot: 7710     Elf (1/3) Orc:2 Zot: 5683  Vaults (0/5) D:13
 Depths (0/4) D:15        Ossuary (visited)           IceCv (visited)
Volcano (visited)         Gauntlet (visited)

Altars:
Dithmenos
Kikubaaqudgha
Nemelex Xobeh
Qazlal
Ru
Wu Jian

Shops:
D:3 *=[=   D:6 *   D:11 ?   Orc:2 ::[[

Portals:
Trove: D:15 (give +3 fire dragon scales)

Annotations:
D:13 2 transporters
D:15 2 transporters, Tolur's ghost, adept DEFE


Innate Abilities, Weirdness & Mutations

You have a pair of horns on your head.
You reflexively headbutt those who attack you in melee.
You have large cloven feet.
You are agile. (Dex +4, Str/Int -1)
You are robust. (+10% HP)


Message History

Aim: an earth elemental (87% to hit)
You shoot an arrow. The arrow hits the earth elemental!!
The deep elf zephyrmancer mumbles some strange words.
The deep elf zephyrmancer blinks!
A deep elf zephyrmancer comes into view.
It is wielding a +0 rapier.
Fire: b) +1 orcbow (heavy)
Press: ? - help, Q - select action, (/) - cycle Shift-Dir - straight line, f/p - earth elemental
Aim: an earth elemental (heavily damaged, 87% to hit)
You shoot an arrow. The arrow hits the earth elemental.
A fire elemental comes into view.
Fire: b) +1 orcbow (heavy)
Press: ? - help, Q - select action, (/) - cycle Shift-Dir - straight line, f/p - earth elemental
Aim: an earth elemental (severely damaged, 87% to hit)
You shoot an arrow.
The arrow hits the earth elemental but does no damage.
The deep elf zephyrmancer points at you and mumbles some strange words.
The bolt of lightning misses you.
You hear a shout! x3
The deep elf zephyrmancer is engulfed in blazing flames.
The deep elf zephyrmancer mumbles some strange words.
The deep elf zephyrmancer blinks!
You feel a sense of dread.
a - a +2 vampiric battleaxe (weapon)
A deep elf pyromancer comes into view. It is wielding a +0 rapier.
A red film seems to cover your vision as you go berserk!
You feel yourself moving faster!
You feel mighty!
The deep elf zephyrmancer mumbles some strange words.
The deep elf zephyrmancer blinks!
You are too injured to fight recklessly!
You feel a strong urge to attack something.
You feel your anger nearly subside.
You are no longer berserk.
You are exhausted.
You feel yourself slow down. The fire elemental hits you.
The fire elemental burns you!
* * * LOW HITPOINT WARNING * * *
You slash the fire elemental! The fire elemental hits you.
The fire elemental burns you!
* * * LOW HITPOINT WARNING * * *
You slice the fire elemental like a ripe choko!!!
You destroy the fire elemental!
Trog accepts your kill.
The deep elf zephyrmancer gestures at you while chanting.
The bolt of lightning misses you.
The deep elf zephyrmancer gestures at you while chanting.
The bolt of lightning hits you!
* * * LOW HITPOINT WARNING * * *
The deep elf zephyrmancer points at you and mumbles some strange words.
The bolt of lightning hits you!!
You die...

##########
##...~~~..#
##....~~~..#
#....~~)~~.#
#....~~~~~.#
#..<.)~~~~.###
#...)~~@~~...#
#....~)~~~.#.#
##..).~~~..#.#
##...~~~..ee#
##########.#
#.## #..# ##e#
#.#


You could see 2 deep elf zephyrmancers.

Vanquished Creatures
  A storm dragon (D:14)
  The ghost of BubbleThief the Metamorph, a journeyman OpSh of Elyvilon (Orc:2)
  A stone giant (Volcano)
  A reaper (IceCv)
  An ironbound preserver (D:13)
  A minotaur (Gauntlet)
  An ettin (D:15)
  2 fire dragons
  An ice dragon (D:12)
  5 hydras
  An ogre mage (D:10)
  2 catoblepae
  5 boulder beetles
  5 centaur warriors
  6 two-headed ogres
  10 death yaks
  4 tengu warriors
  A skyshark (Lair:4)
  A glowing orange brain (D:13)
  3 deep trolls
  4 wizards
  A necromancer (D:15)
  A lindwurm (Lair:5)
  3 orc knights
  10 deep elf pyromancers
  2 deep elf zephyrmancers (Elf:1)
  2 orc sorcerers
  2 manticores
  7 cyclopes
  10 ugly things
  4 black mambas (Lair:5)
  An ice statue (IceCv)
  6 gargoyles
  2 molten gargoyles (Lair:5)
  9 cane toads
  A torpor snail (Lair:5)
  2 unseen horrors
  2 kobold demonologists
  An efreet (Volcano)
  15 komodo dragons
  2 ice devils (IceCv)
  A yaktaur (D:10)
  A freezing wraith (D:14)
  3 anaconda simulacra (IceCv)
  A tengu conjurer (D:15)
  10 trolls
  A meliai (Lair:2)
  A hornet (Lair:3)
  A meliai (shapeshifter) (D:12)
  2 polar bears
  18 blink frogs
  A raiju (Gauntlet)
  5 slime creatures
  A water elemental (D:14)
  2 wraiths (D:14)
  39 yaks
  7 fire bats (Volcano)
  2 shadows
  3 vampires
  3 wyverns
  4 fire elementals
  5 steam dragons
  8 basilisks
  A death yak simulacrum (IceCv)
  5 vampire mosquitoes
  A harpy simulacrum (IceCv)
  3 wargs
  4 acid dragons
  3 hell hounds (Lair:5)
  19 water moccasins
  A hydra simulacrum (IceCv)
  2 ice beasts (D:7)
  2 sky beasts
  29 orc warriors
  2 black bears
  11 wolves
  15 centaurs
  6 ogres
  6 kobold brigands
  Blork the orc (D:6)
  2 elf zombies (Ossuary)
  4 two-headed ogre simulacra (IceCv)
  7 bullfrogs
  An earth elemental (Volcano)
  A scorpion (D:4)
  4 cane toad simulacra
  11 wights
  7 killer bees
  4 elephant simulacra
  An electric eel (D:14)
  9 howler monkeys
  11 lava snakes
  6 hounds
  16 jellies
  17 orc priests
  A gnoll bouda (D:7)
  Jessica (D:3)
  3 iguanas
  3 sleepcaps
  8 spriggan simulacra
  Natasha (thrice) (D:3)
  13 orc wizards
  6 troll simulacra
  2 wolf simulacra (IceCv)
  2 hound zombies (Ossuary)
  4 mummies (Ossuary)
  6 adders
  9 gnolls
  6 naga simulacra
  6 shadow imps
  11 white imps
  9 ufetubi
  5 worms
  3 dart slugs
  64 orcs
  7 endoplasms
  2 giant cockroaches
  A gnoll zombie (Ossuary)
  6 goblins
  5 hobgoblins
  3 jackals (D:1)
  20 kobolds
  2 quokkas
  6 ball pythons
  5 bats
  5 frilled lizards
  A hobgoblin zombie (Ossuary)
  A jackal zombie (Ossuary)
  2 kobold zombies (Ossuary)
  8 rats
  3 rat zombies (Ossuary)
713 creatures vanquished.

Vanquished Creatures (others)
  A deep elf zephyrmancer (Elf:1)
  A killer bee (Lair:2)
2 creatures vanquished.

Grand Total: 715 creatures vanquished

Notes
Turn   | Place    | Note
-------+----------+-------------------------------------------
     0 | D:1      | Pooter the Minotaur Berserker began the quest for the Orb.
     0 | D:1      | Reached XP level 1. HP: 19/19 MP: 0/0
   295 | D:1      | Reached skill level 4 in Axes
   295 | D:1      | Reached XP level 2. HP: 24/27 MP: 1/1
   674 | D:1      | Found a faded altar of an unknown god.
   803 | D:1      | Reached XP level 3. HP: 33/33 MP: 2/2
   999 | D:2      | You fall into a shaft and drop 2 floors!
  1025 | D:4      | Noticed a scorpion
  1040 | D:4      | Killed a scorpion
  1041 | D:4      | Reached skill level 5 in Axes
  1041 | D:4      | Reached XP level 4. HP: 41/41 MP: 3/3
  1131 | D:4      | Reached XP level 5. HP: 35/47 MP: 4/4
  1139 | D:4      | Reached ** piety under Trog
  1684 | D:4      | Reached skill level 6 in Axes
  1775 | D:4      | Noticed a sky beast
  1787 | D:4      | Reached skill level 5 in Fighting
  1795 | D:4      | Killed a sky beast
  1796 | D:4      | Reached XP level 6. HP: 56/56 MP: 5/5
  1865 | D:4      | Identified the +4 ring mail of the Hills {rC++ Int-5 Dex-4
                  | Slay+6}
  2316 | D:3      | Noticed Natasha
  2321 | D:3      | Killed Natasha
  2359 | D:3      | Reached skill level 7 in Axes
  3136 | D:3      | Found Resui's Antique Armour Boutique.
  3140 | D:3      | Noticed Jessica
  3145 | D:3      | Killed Jessica
  3170 | D:3      | Noticed Natasha
  3176 | D:3      | Killed Natasha
  3177 | D:3      | Reached skill level 5 in Armour
  3177 | D:3      | Reached XP level 7. HP: 51/62 MP: 6/6
  3276 | D:3      | Found Cuavoul's Jewellery Boutique.
  3456 | D:3      | Noticed Natasha
  3460 | D:3      | Killed Natasha
  3540 | D:3      | Found Buvve's Jewellery Shoppe.
  3567 | D:3      | Found Beofem's General Store.
  3577 | D:3      | Bought a scroll of identify for 20 gold pieces
  3577 | D:3      | Bought a scroll of identify for 20 gold pieces
  4029 | D:5      | Entered Level 5 of the Dungeon
  4040 | D:5      | Reached *** piety under Trog
  4086 | D:5      | Found a sand-covered staircase.
  4097 | Ossuary  | Entered an ossuary
  4115 | Ossuary  | Reached skill level 8 in Axes
  4708 | D:5      | Gained mutation: You are robust. (+10% HP) [potion of
                  | mutation]
  4708 | D:5      | Gained mutation: You have large cloven feet. [potion of
                  | mutation]
  4708 | D:5      | Gained mutation: You are agile. (Dex +4, Str/Int -1)
                  | [potion of mutation]
  4914 | D:3      | Bought a ring of see invisible for 210 gold pieces
  5105 | D:5      | Reached skill level 9 in Axes
  5105 | D:5      | Reached XP level 8. HP: 55/78 MP: 7/7
  5863 | D:6      | Found a faded altar of an unknown god.
  5863 | D:6      | Found a stormy altar of Qazlal.
  5874 | D:6      | Reached skill level 10 in Axes
  5886 | D:6      | Found a faded altar of an unknown god.
  5888 | D:6      | Found a sacrificial altar of Ru.
  5890 | D:6      | Found a sparkling altar of Nemelex Xobeh.
  5961 | D:6      | Found a staircase to the Ecumenical Temple.
  6137 | D:6      | Noticed Blork the orc
  6147 | D:6      | Killed Blork the orc
  6187 | D:6      | Found Woenox's General Store.
  6699 | D:7      | Noticed a two-headed ogre
  6718 | D:7      | Reached skill level 11 in Axes
  6794 | D:7      | Reached XP level 9. HP: 84/90 MP: 8/8
  7278 | D:7      | Reached skill level 12 in Axes
  7499 | D:7      | Noticed a purple ugly thing
  7499 | D:7      | Noticed a troll
  7511 | D:7      | Killed a purple ugly thing
  7512 | D:7      | Killed a troll
  7515 | D:7      | Reached skill level 13 in Axes
  7647 | D:7      | Killed a two-headed ogre
  7648 | D:7      | Reached skill level 10 in Fighting
  7752 | D:7      | Reached XP level 10. HP: 102/102 MP: 9/9
  7968 | D:8      | Reached **** piety under Trog
  8247 | D:8      | Reached skill level 5 in Maces & Flails
  8268 | D:8      | Noticed a two-headed ogre
  8276 | D:8      | Killed a two-headed ogre
  8277 | D:8      | Reached skill level 5 in Ranged Weapons
  8702 | D:9      | Noticed a two-headed ogre
  8712 | D:9      | Killed a two-headed ogre
  8962 | D:9      | Reached XP level 11. HP: 111/112 MP: 10/10
  9275 | D:10     | Entered Level 10 of the Dungeon
  9604 | D:10     | Noticed a centaur warrior
  9614 | D:10     | Noticed a fire dragon
  9616 | D:10     | Reached skill level 14 in Axes
  9619 | D:10     | Killed a centaur warrior
  9625 | D:10     | Killed a fire dragon
  9714 | D:10     | Noticed a two-headed ogre
  9723 | D:10     | Killed a two-headed ogre
  9828 | D:10     | Found a staircase to the Lair.
  9861 | D:10     | Identified the ring of Ysuthrau {Fire Dex+4}
 10064 | D:3      | Bought an amulet of regeneration for 300 gold pieces
 10511 | D:10     | Noticed a brown ugly thing
 10511 | D:10     | Noticed an orc knight
 10538 | D:10     | Killed a brown ugly thing
 10539 | D:10     | Reached skill level 15 in Axes
 10549 | D:10     | Killed an orc knight
 10551 | D:10     | Noticed a wizard
 10573 | D:10     | Killed a wizard
 10622 | D:10     | Noticed a boulder beetle
 10635 | D:10     | Killed a boulder beetle
 11119 | D:10     | Reached XP level 12. HP: 124/124 MP: 11/11
 11121 | D:10     | Found a staircase to the Orcish Mines.
 11366 | Lair:1   | Entered Level 1 of the Lair of Beasts
 11804 | Lair:1   | Reached skill level 10 in Ranged Weapons
 12022 | Lair:1   | Reached skill level 16 in Axes
 12308 | Lair:1   | Identified the +0 robe of the Locust {Rampage Fly Int-3
                  | Slay+5}
 12898 | Lair:2   | Noticed a death yak
 12910 | Lair:2   | Noticed a death yak
 12910 | Lair:2   | Noticed a death yak
 12910 | Lair:2   | Noticed a death yak
 12920 | Lair:1   | Killed a death yak
 12922 | Lair:2   | Noticed a six-headed hydra
 13399 | Lair:1   | Killed a death yak
 13402 | Lair:1   | Killed a death yak
 13403 | Lair:1   | Killed a death yak
 13404 | Lair:1   | Reached skill level 17 in Axes
 13473 | Lair:2   | Killed a six-headed hydra
 13710 | Lair:2   | Noticed a seven-headed hydra
 13720 | Lair:2   | Killed an 11-headed hydra
 13814 | Lair:2   | Found a hole to the Spider Nest.
 13931 | Lair:2   | Reached XP level 13. HP: 134/134 MP: 12/12
 14331 | Lair:3   | Found a dark tunnel.
 14341 | Volcano  | Entered a volcano
 14478 | Volcano  | Noticed a stone giant
 14489 | Volcano  | Killed a stone giant
 14573 | Volcano  | Found a radiant altar of Vehumet.
 14610 | Volcano  | Found a radiant altar of Vehumet.
 14766 | Lair:3   | Found a staircase to the Shoals.
 15002 | D:3      | Bought a pair of brightly glowing boots for 237 gold pieces
 15002 | D:3      | Identified the +1 pair of boots of the Ecumenical Temple
                  | {Fly} (You bought it in a shop on level 3 of the Dungeon)
 15304 | Lair:3   | Reached skill level 18 in Axes
 16284 | Lair:4   | Found a staircase to the Slime Pits.
 16557 | Lair:4   | Reached ***** piety under Trog
 17336 | Lair:5   | Entered Level 5 of the Lair of Beasts
 18029 | Lair:5   | Reached XP level 14. HP: 146/146 MP: 13/13
 18895 | Lair:5   | Reached skill level 19 in Axes
 18929 | Lair:5   | Found an ancient bone altar of Kikubaaqudgha.
 21079 | Lair:5   | Found a large runed translucent door.
 21080 | Lair:5   | Found a large runed translucent door.
 21602 | Orc:1    | Entered Level 1 of the Orcish Mines
 21714 | Orc:1    | Found a frozen archway.
 21743 | IceCv    | Entered an ice cave
 23428 | IceCv    | Reached skill level 15 in Fighting
 24620 | IceCv    | Noticed a reaper
 24631 | IceCv    | Reached skill level 15 in Ranged Weapons
 24635 | IceCv    | Killed a reaper
 25033 | Orc:2    | Entered Level 2 of the Orcish Mines
 25038 | Orc:2    | Found a staircase to the Elven Halls.
 25110 | Orc:2    | Found a gate leading to a gauntlet.
 25125 | Gauntlet | Entered a Gauntlet
 25125 | Gauntlet | Found a transporter.
 25125 | Gauntlet | Found a transporter.
 25146 | Gauntlet | Found a transporter.
 25147 | Gauntlet | Found a transporter.
 25158 | Gauntlet | Found a transporter.
 25160 | Gauntlet | Found a transporter.
 25163 | Gauntlet | Found a large runed translucent door.
 25163 | Gauntlet | Found a large runed translucent door.
 25164 | Gauntlet | Found a large runed translucent door.
 25164 | Gauntlet | Found a large runed translucent door.
 25172 | Gauntlet | Found a runed translucent door.
 25172 | Gauntlet | Found a runed translucent door.
 25172 | Gauntlet | Found a large runed translucent door.
 25172 | Gauntlet | Found a large runed translucent door.
 25172 | Gauntlet | Found a large runed translucent door.
 25172 | Gauntlet | Found a large runed translucent door.
 25172 | Gauntlet | Found a large runed translucent door.
 25172 | Gauntlet | Found a large runed translucent door.
 25173 | Gauntlet | Found a large runed translucent door.
 25173 | Gauntlet | Found a large runed translucent door.
 25174 | Gauntlet | Found a large runed translucent door.
 25174 | Gauntlet | Found a large runed translucent door.
 25174 | Gauntlet | Found a large runed translucent door.
 25174 | Gauntlet | Found a large runed translucent door.
 25175 | Gauntlet | Found a runed translucent gate.
 25175 | Gauntlet | Found a runed translucent gate.
 25175 | Gauntlet | Found a runed translucent gate.
 25179 | Gauntlet | Found a transporter.
 25260 | Gauntlet | Identified the ring "Jesigask" {Fly rPois rC+ Int-2}
 25279 | Gauntlet | Reached skill level 1 in Throwing
 25279 | Gauntlet | Reached skill level 1 in Evocations
 25464 | Gauntlet | Identified the +0 short sword "Keuxass" {flame, Str+3}
 25469 | Gauntlet | Identified the +5 scale mail of the Hunter {Will- Dex+6}
 27461 | Orc:2    | Upgraded the game from 0.31-a0-664-g902f515a81 to
                  | 0.31-a0-667-g39726597b9
 27996 | Orc:2    | Found Zini's Antique Armour Boutique.
 27996 | Orc:2    | Found Wofuor's Book Shoppe.
 27996 | Orc:2    | Found Fos Vust's Book Emporium.
 27999 | Orc:2    | Found Zemowes's Armour Shop.
 28612 | Orc:2    | Found a runed translucent door.
 28612 | Orc:2    | Noticed BubbleThief's ghost (journeyman OpSh)
 29103 | Orc:2    | Killed BubbleThief's ghost
 29516 | D:11     | Found Yniu's Magic Scroll Shop.
 29526 | D:11     | Bought a scroll of identify for 30 gold pieces
 29526 | D:11     | Bought a scroll of identify for 30 gold pieces
 29526 | D:11     | Bought a scroll of silence for 142 gold pieces
 29527 | D:11     | Bought a scroll of fog for 60 gold pieces
 29527 | D:11     | Bought a scroll of fog for 60 gold pieces
 29527 | D:11     | Bought a scroll of fog for 60 gold pieces
 30224 | D:12     | Received a gift from Trog
 30804 | D:12     | Identified the +0 ring mail "Lufer" {Will+ Int+3 Dex+2}
 31115 | D:13     | Found a transporter.
 31117 | D:13     | Found a transporter.
 31117 | D:13     | Found a transporter.
 31118 | D:13     | Found a sparkling altar of Nemelex Xobeh.
 31118 | D:13     | Noticed a juggernaut
 31123 | D:13     | Found a transporter.
 31125 | D:13     | Found a transporter.
 31128 | D:13     | Found a transporter.
 31185 | D:13     | Reached XP level 15. HP: 155/157 MP: 14/14
 31564 | D:13     | Found a gate to the Vaults.
 32606 | D:14     | Found an ornate altar of the Wu Jian Council.
 33220 | D:14     | Noticed a storm dragon
 33227 | D:14     | Killed a storm dragon
 33308 | D:15     | Entered Level 15 of the Dungeon
 33625 | D:15     | Found a shadowy altar of Dithmenos.
 33712 | D:15     | Reached skill level 20 in Axes
 34120 | D:15     | Noticed Tolur's ghost (adept DEFE)
 34122 | D:15     | Found a transporter.
 34186 | D:15     | Found a portal to a secret trove of treasure.
 34235 | D:15     | Found a transporter.
 34388 | D:15     | Found a staircase to the Depths.
 34993 | Elf:1    | Entered Level 1 of the Elven Halls
 35001 | Elf:1    | Reached skill level 5 in Throwing
 35308 | Elf:1    | Killed from afar by a deep elf zephyrmancer

Illustrated notes

Levels and vault maps discovered:
D:1:      scummos_arrival_simple_fountains, layout_loops_corners,
          chequers_ecumenical_altar_island
D:2:      layout_basic, wander_ebering_terrifying_dragon_lair
D:3:      layout_loops_ring, serial_rivers, chequers_serial_rivers_micro_e,
          chequers_serial_rivers_micro_a, chequers_serial_rivers_micro_b,
          chequers_serial_rivers_small_b, serial_shops,
          nicolae_shop_statue_plus, nicolae_shop_advertising_works
          [nicolae_subvault_shop_adworks],
          nicolae_shop_temple_entry_statues_fountains, shop,
          lexackson_kobold_supper, uniq_jessica, uniq_natasha
D:4:      layout_cave_pods
D:5:      layout_loops_corners, enter_ossuary_1
D:6:      layout_loops_ring, chequers_temple_overflow_minitemple,
          minmay_temple_entry_stoned_glass, serial_shops,
          nicolae_shop_statue_plus, uniq_blork_the_orc
D:7:      nzn_winding_woodlands_small [nzn_winding_woodlands_5x15_sawtooth,
          nzn_winding_woodlands_center_lodge,
          nzn_winding_woodlands_5x15_parted], layout_gridville,
          dreamdust_gnoll_farm
D:8:      layout_basic, st_stairs_9
D:9:      layout_irregular_city
D:10:     minmay_the_grid_octo_tiled_octocenter [minmay_the_grid_octo_pinwheel,
          minmay_the_grid_octo_odd_swirl, minmay_the_grid_octo_concentric,
          minmay_the_grid_octo_chip, minmay_the_grid_octo_prize_big_c,
          minmay_the_grid_square_5x5_fancy_junction,
          minmay_the_grid_square_5x5_shrine2, minmay_the_grid_square_5x5_six,
          minmay_the_grid_square_5x5_c], layout_basic, lair_entry_dummy,
          minmay_orc_entry_temple_small, serial_rivers,
          chequers_serial_rivers_small_b, chequers_serial_rivers_micro_a,
          chequers_serial_rivers_marsh, chequers_serial_rivers_micro_e
D:11:     layout_irregular_city, serial_shops, shop
D:12:     layout_rooms
D:13:     layout_irregular_city, hellmonk_vaults_order_and_chaos, minivault_5,
          palyth_stone_intersect, hellmonk_jugg_or_not
D:14:     kennysheep_scales, layout_loops_ring, serial_park_avenue1,
          nzn_wu_jian_council_hall
D:15:     hangedman_depths_entry_civil_slaughter, layout_grid_maze,
          grunt_dithmenos_smoke_and_mirrors, gammafunk_ghost_arena,
          trove_entry_hex_spiral, amethyst_killhole
Lair:1:   dreamdust_cave_troll, layout_cellular_growth
Lair:2:   layout_long_grid, hellmonk_spider_entry_not_the_bees
Lair:3:   layout_regular_city, shoals_dummy_entry, enter_volcano_2,
          grunt_megastairs_3
Lair:4:   layout_small_grid, minmay_slime_entry_jelly_boxes
Lair:5:   cheibrodos_lair_end_hotspot, layout_misc_corridors,
          lemuel_altar_in_water2, grunt_forest_large_clearings
Orc:1:    layout_caves, portal_ice_cave_entry_ice_simulacra
Orc:2:    st_orc_rangers, layout_diamond_mine, gauntlet_entry_generic,
          hellmonk_ghost_happy_afterlife, nicolae_orc_pool_cavern
Elf:1:    eino_elf_arrival_sip, layout_gridlike, minivault_28, uniq_aizul,
          uniq_norris, uniq_zenata, uniq_donald

Skill      XL: |  1  2  3  4  5  6  7  8  9 10 11 12 13 14 15 |
---------------+----------------------------------------------+-----
Axes           | 4 5 6 7 9 11 13 15 17 18 19 20 | 20.1
Fighting       | 4 5 6 8 10 11 12 13 14 15 16 | 16.3
Armour         | 3 4 5 6 8 |  8.1
Maces & Flails | 3 6 |  6.1
Ranged Weapons | 2 6 9 12 14 15 16 | 16.5
Throwing       | 3 5 |  5.2
Evocations     | 2 4 |  4.7
Dodging        | |  2.1

Action                     |  1- 3 |  4- 6 |  7- 9 | 10-12 | 13-15 || total
---------------------------+-------+-------+-------+-------+-------++-------
  Melee: Hand axe          |    67 |   113 |   135 |       |       ||   315
         Headbutt          |     9 |    11 |    57 |    74 |   135 ||   286
         Punch             |     1 |     2 |     2 |       |       ||     5
         Kick              |       |       |    10 |       |       ||    10
         Trident           |       |       |    41 |       |       ||    41
         Dire flail        |       |       |    66 |    85 |     3 ||   154
         Battleaxe         |       |       |       |   286 |   609 ||   895
   Fire: Shortbow          |       |       |     3 |    28 |       ||    31
         Orcbow            |       |       |       |    54 |   651 ||   705
  Throw: Dart              |     2 |       |     8 |    15 |     3 ||    28
         Boomerang         |       |    40 |    79 |     9 |     2 ||   130
         Javelin           |       |     3 |     4 |     1 |       ||     8
 Invoke: Berserk           |     1 |     3 |    11 |     7 |    17 ||    39
         Trog's Hand       |       |     1 |     9 |    12 |    29 ||    51
  Evoke: Wand              |       |       |       |     1 |     4 ||     5
    Use: Scroll            |       |     5 |     9 |    13 |    15 ||    42
         Potion            |       |       |     1 |       |     1 ||     2
 Armour: Plate armour      |    56 |    73 |   118 |   435 |   670 ||  1352
         Ring mail         |       |       |       |       |   148 ||   148
  Dodge: Dodged            |    15 |    30 |   103 |   195 |   267 ||   610
  Block: Other             |       |       |       |       |    77 ||    77
         Reflection        |       |       |       |       |    23 ||    23

Table legend: (Time is in decaauts)
 A = Elapsed time spent in this place.
 B = Non-inter-level travel time spent in this place.
 C = Inter-level travel time spent in this place.
 D = Time resting spent in this place.
 E = Time spent auto-exploring this place.
 F = Levels seen in this place.
 G = Mean time per level.
                   A        B        C        D        E       F      G
               +--------+--------+--------+--------+--------+-----+--------+
         Total |  35747 |  33998 |   1749 |  14104 |  13782 |  27 | 1324.0 |
       Dungeon |  16974 |  15674 |   1300 |   3162 |   9226 |  15 | 1131.6 |
          Lair |   9695 |   9315 |    380 |   4661 |   3322 |   5 | 1939.0 |
  Orcish Mines |   4289 |   4222 |     67 |   2816 |    781 |   2 | 2144.5 |
   Elven Halls |    315 |    315 |      0 |    222 |      0 |   1 |  315.0 |
       Ossuary |    551 |    551 |      0 |    377 |     90 |   1 |  551.0 |
      Ice Cave |   3175 |   3175 |      0 |   2554 |    278 |   1 | 3175.0 |
       Volcano |    378 |    378 |      0 |     76 |     85 |   1 |  378.0 |
      Gauntlet |    367 |    367 |      0 |    233 |      0 |   1 |  367.0 |
               +--------+--------+--------+--------+--------+-----+--------+

Top non-repeatable levels by time:
  Lair:5: 3833 daAuts
   Orc:2: 3798 daAuts
   IceCv: 3175 daAuts
  Lair:1: 2197 daAuts
  Lair:4: 2019 daAuts
    D:10: 2000 daAuts
    D:15: 1603 daAuts
     D:4: 1437 daAuts
    D:13: 1394 daAuts
     D:7: 1293 daAuts
     D:3: 1272 daAuts
     D:5: 1207 daAuts
    D:14: 1098 daAuts
     D:1: 984 daAuts
     D:9: 938 daAuts
